 Dungeon Crawl Stone Soup version 0.22-a0-252-gcace5d2 (webtiles) character file.

1162 Firecrotchwizard the Slasher (level 8, -1/74 HPs)
             Began as a Deep Dwarf Fighter on Mar 1, 2018.
             Was an Initiate of Makhleb.
             Slain by an orc warrior
             ... wielding a +0 long sword
              (13 damage)
             ... on level 6 of the Dungeon.
             The game lasted 00:14:31 (5237 turns).

Firecrotchwizard the Slasher (Deep Dwarf Fighter)   Turns: 5237, Time: 00:14:32

Health: -1/74      AC:  9    Str: 20    XL:     8   Next: 17%
Magic:  3/3        EV:  7    Int:  9    God:    Makhleb [......]
Gold:   40         SH:  0    Dex: 14    Spells: 7/7 levels left

rFire    + . .     SeeInvis .   a - +0 long sword
rCold    . . .     Gourm    .   C - +0 buckler
rNeg     . . .     Faith    .   A - +0 chain mail
rPois    .         Spirit   .   (no helmet)
rElec    .         Reflect  .   (no cloak)
rCorr    .         Harm     .   (no gloves)
MR       +....                  (no boots)
Stlth    ..........             (no amulet)
HPRegen  0.00/turn              m - ring of protection from fire {rF+, !d}
MPRegen  0.08/turn              (no ring)

@: confused, lethally poisoned (-1 -> -1), non-regenerating
A: damage resistance, heal wounds, sense surroundings 1, no regeneration
a: Heal Wounds, Renounce Religion


You were on level 6 of the Dungeon.
You worshipped Makhleb.
Makhleb was noncommittal.
You were hungry.

You visited 2 branches of the dungeon, and saw 7 of its levels.

You collected 264 gold pieces.
You spent 224 gold pieces at shops.

Inventory:

Hand Weapons
 a - a +0 long sword (weapon)
 n - a +2 mace of crushing
   (You found it on level 2 of the Dungeon)
 t - a +2 vampiric hand axe
   (You found it on level 5 of the Dungeon)
Missiles
 z - a throwing net {=f, !d}
Armour
 b - a +0 scale mail
 c - a +0 shield
 v - a +0 chain mail
   (You found it on level 5 of the Dungeon)
 A - a +0 chain mail (worn)
   (You bought it in a shop on level 6 of the Dungeon)
 C - a +0 buckler (worn)
   (You bought it in a shop on level 6 of the Dungeon)
Jewellery
 m - a ring of protection from fire (left hand) {rF+, !d}
   (You found it on level 2 of the Dungeon)
Wands
 g - a wand of scattershot (6)
   (You found it on level 3 of the Dungeon)
 q - a wand of paralysis (13)
   (You found it on level 3 of the Dungeon)
 B - a wand of disintegration (12) {@e1}
   (You found it on level 6 of the Dungeon)
Scrolls
 h - 2 scrolls of magic mapping {!r}
 j - 3 scrolls of teleportation
 r - a scroll of fog {unknown}
 u - a scroll of random uselessness {unknown}
 w - a scroll of remove curse
 x - a scroll of immolation {unknown}
 y - a scroll of identify
Potions
 d - 2 potions of might
 e - a potion of heal wounds
 k - 2 potions of brilliance
 l - 2 potions of ambrosia {unknown}
 o - a potion of mutation {unknown}
 p - a potion of invisibility {unknown}
 s - 2 potions of resistance {unknown}
Comestibles
 f - 13 rations {@e1}
 i - a chunk of flesh {@w0}


   Skills:
 + Level 5.1 Fighting
 * Level 7.2 Long Blades
 - Level 3.2 Armour
 + Level 6.2 Shields


You had 7 spell levels left.
You didn't know any spells.

Dungeon Overview and Level Annotations

Branches:
Dungeon (6/15)             Temple (1/1) D:4

Altars:
Ashenzari
Cheibriados
Dithmenos
Elyvilon
Fedhas
Gozag
Hepliaklqana
Kikubaaqudgha
Makhleb
Nemelex Xobeh
Okawaru
Qazlal
Ru
Sif Muna
Trog
Vehumet
Xom
Yredelemnul
Zin
The Shining One

Shops:
D:6 [

Annotations:
D:3 Grinder


Innate Abilities, Weirdness & Mutations

You are resistant to damage.
You can heal yourself by infusing magical energy.
You passively map a small area around you.
You do not regenerate.


Message History

A sky beast appears from thin air!
Reactivating autopickup.
You barely miss the sky beast. You block the sky beast's attack.
You hit the sky beast but do no damage. You block the sky beast's attack.
The sky beast hits you. The sky beast shocks you.
You take 7 damage, and have 36/74 hp.
You hit the sky beast but do no damage. The sky beast barely misses you.
You riposte.
You closely miss the sky beast. You slash the sky beast!
The sky beast barely misses you.
You riposte.
You hit the sky beast but do no damage. You closely miss the sky beast.
The sky beast hits you. The sky beast shocks you.
You take 4 damage, and have 32/74 hp.
You hit the sky beast but do no damage. You block the sky beast's attack.
You hit the sky beast.
You kill the sky beast!
Makhleb accepts your kill.
You see here a sky beast corpse.
You feel much better.
You regained 17 hp, and now have 49/74 hp.
There is a stone staircase leading up here.
There is an entrance to Nutteib's Antique Armour Shop here.
C - a buckler Thank you for shopping at Nutteib's Antique Armour Shop!
You start removing your armour.
You continue taking off your +0 shield. x4
You finish taking off your +0 shield.
You start putting on your armour.
You continue putting on your buckler. x5
You finish putting on your +0 buckler.
You now have 28 gold pieces (gained 18).
A jackal comes into view.
The jackal barks!
The jackal moves out of view.
No target in view!
No target in view!
You see here 12 gold pieces.
You now have 40 gold pieces (gained 12).
You slash the jackal!
You kill the jackal!
Makhleb accepts your kill.
A jackal and an orc warrior come into view.
The orc warrior shouts!
The jackal barks!
You hear a shout!
An orc wizard comes into view. It is wielding a dagger of venom.
You block the jackal's attack.
You barely miss the jackal.
The jackal bites you but does no damage.
You hit the jackal.
You kill the jackal!
Makhleb accepts your kill.
An orc comes into view. It is wielding a hand axe.
You closely miss the orc warrior.
The orc shouts!
The orc warrior hits you with a long sword.
An orc comes into view. It is wielding a dagger.
You take 1 damage, and have 48/74 hp.
You are feeling hungry.
You are too injured to fight recklessly!
You are too injured to fight recklessly!
You are too injured to fight recklessly!
Your chain mail prevents you from hitting the orc warrior.
Your chain mail prevents you from hitting the orc warrior.
The orc warrior hits you with a long sword!
You take 7 damage, and have 41/74 hp.
You hit the orc warrior.
The orc warrior hits you with a long sword.
You hit the orc warrior.
The orc warrior hits you with a long sword!
You block the orc wizard's attack.
You take 7 damage, and have 34/74 hp.
You hit the orc warrior but do no damage.
The orc wizard casts a spell at you. The magic dart hits you!
You block the orc warrior's attack. The orc misses you.
You riposte.
You closely miss the orc.
You take 5 damage, and have 29/74 hp.
You hit the orc warrior but do no damage.
The orc wizard hits you but does no damage.
You block the orc warrior's attack. The orc barely misses you.
You closely miss the orc warrior.
The orc wizard gestures at you while chanting.
You are confused.
The orc closely misses you.
The orc warrior hits you but does no damage.
You closely miss the orc wizard.
The orc wizard hits you but does no damage.
You are poisoned.
The orc hits you but does no damage.
The orc warrior hits you with a long sword!
You take 6 damage, and have 23/74 hp.
You bump into the rock wall.
The orc wizard hits you but does no damage.
The orc hits you but does no damage.
You completely miss the orc wizard.
The orc warrior hits you with a long sword!
* * * LOW HITPOINT WARNING * * *
The orc wizard hits you but does no damage.
The orc hits you but does no damage.
You take 11 damage, and have 12/74 hp.
You bump into the rock wall.
The orc wizard hits you but does no damage.
The orc warrior hits you with a long sword!
You die...

......# #..,
....(...#* #...###
#..# *#..o.#,# *
.###.# #..o
##.#.#.# .# #.#
#...###....#.##...
.###.#
#....#...........#
#...##
#...o......#.#####
######
##.#.###.#.#.#
.....# #.##o...#.#
* * ####.#
,#oo@#.#.#.# , , *
##o##.....# #
..........# , # *
*###..#....## # *
##.#.#.## ,,
####.# #......# **
.....# *
##......### *
###### #...
...........# * #
#..#
####.......#####.#


You could see an orc warrior, an orc wizard and 2 orcs.

Vanquished Creatures
  Duvessa (D:4)
  A sky beast (D:6)
  A phantom (D:4)
  The ghost of TooMuchDogx the Skirmisher, an amateur HOFi (D:3)
  A scorpion (D:5)
  Dowan (D:4)
  2 gnoll shamans
  2 bullfrog skeletons
  3 hounds
  An orc priest (D:4)
  3 orc wizards
  A centaur skeleton (D:4)
  2 iguanas (D:5)
  2 worker ants
  7 gnolls
  5 adders
  2 oozes
  3 worms
  3 dart slugs
  2 leopard geckos
  8 orcs
  5 giant cockroaches
  14 goblins
  10 hobgoblins
  13 jackals
  4 quokkas
  2 ball pythons
  9 bats
  9 frilled lizards
  10 kobolds
  7 rats
135 creatures vanquished.

Notes
Turn   | Place    | Note
-------+----------+-------------------------------------------
     0 | D:1      | Firecrotchwizard the Deep Dwarf Fighter began the quest for the Orb.
     0 | D:1      | Reached XP level 1. HP: 20/20 MP: 1/1
   158 | D:1      | Reached XP level 2. HP: 24/27 MP: 2/2
   309 | D:1      | Reached skill level 3 in Fighting
   375 | D:1      | Reached XP level 3. HP: 25/34 MP: 3/3
   550 | D:1      | Reached skill level 3 in Long Blades
   971 | D:2      | Reached XP level 4. HP: 32/42 MP: 3/3
  1051 | D:2      | Reached skill level 4 in Shields
  1747 | D:3      | Noticed TooMuchDogx's ghost (amateur HOFi)
  1925 | D:3      | Reached XP level 5. HP: 33/49 MP: 4/4
  1938 | D:3      | Reached skill level 4 in Long Blades
  1978 | D:3      | Noticed Grinder
  2578 | D:3      | Killed TooMuchDogx's ghost
  2578 | D:3      | Reached XP level 6. HP: 30/57 MP: 5/5
  2645 | D:4      | HP: 9/57 [phantom (7)]
  2656 | D:4      | HP: 7/57 [phantom (2)]
  2662 | D:4      | HP: 3/57 [phantom (4)]
  2663 | D:4      | Reached skill level 4 in Fighting
  2663 | D:4      | Reached skill level 5 in Long Blades
  2702 | D:4      | Noticed Dowan
  2732 | D:4      | Killed Dowan
  2732 | D:4      | Reached skill level 5 in Shields
  3127 | D:4      | Noticed Duvessa
  3386 | D:4      | Found a shattered altar of Ashenzari.
  3411 | D:4      | Reached XP level 7. HP: 24/64 MP: 6/6
  3703 | D:4      | Killed Duvessa
  3703 | D:4      | Reached skill level 6 in Long Blades
  3731 | D:5      | Entered Level 5 of the Dungeon
  3791 | D:4      | Found a staircase to the Ecumenical Temple.
  3800 | Temple   | Entered the Ecumenical Temple
  3840 | Temple   | Became a worshipper of Makhleb the Destroyer
  4569 | D:5      | HP: 16/66 [gnoll/halberd (3)]
  4772 | D:6      | Reached skill level 6 in Shields
  4775 | D:6      | Reached XP level 8. HP: 50/73 MP: 3/3
  4900 | D:6      | Found Nutteib's Antique Armour Shop.
  4912 | D:6      | Reached skill level 5 in Fighting
  4920 | D:6      | Bought a chain mail for 112 gold pieces
  5088 | D:6      | Reached skill level 7 in Long Blades
  5185 | D:6      | Bought a buckler for 112 gold pieces
  5236 | D:6      | HP: 12/74 [orc warrior/long sword (11)]
  5237 | D:6      | Slain by an orc warrior

Vault maps used:
D:1:      dpeg_arrival_morbid_curiosity
D:2:      serial_bayou_ford_a
D:3:      first_ration, minmay_misc_feat_enclosed, uniq_grinder
D:4:      nicolae_overflow_hidden_temple, lemuel_temple_firewalk_a, uniq_duvessa
D:5:      minivault_11
D:6:      serial_shops, shop
Temple:   grunt_wide_crystal_templ

Skill      XL: |  1  2  3  4  5  6  7  8 |
---------------+-------------------------+-----
Fighting       | 3 4 5 |  5.1
Long Blades    | 3 4 5 6 7 |  7.2
Shields        | 4 5 6 |  6.2
Armour         | |  3.2

Action                   |  1- 3 |  4- 6 |  7- 9 || total
-------------------------+-------+-------+-------++-------
Melee: Long sword        |   164 |   289 |   236 ||   689
 Abil: Heal Wounds       |     1 |     5 |     8 ||    14
  Use: Potion            |       |     1 |       ||     1
       Scroll            |       |     4 |       ||     4
  Eat: Chunk             |     1 |     8 |     6 ||    15
Armor: Scale mail        |    83 |   125 |    35 ||   243
       Chain mail        |       |       |    56 ||    56
Dodge: Dodged            |    54 |    83 |    60 ||   197
Block: Shield            |    96 |   205 |   111 ||   412
       Buckler           |       |       |     4 ||     4
       Rpst.: Long sword |     7 |    33 |    18 ||    58

Table legend:
 A = Spawn XP
 B = Non-spawn XP
 C = Spawn XP percentage of total XP
 D = Spawn monster count
 E = Non-spawn monster count
 F = Spawn count percentage of total count
 G = Total turns spent on level
                    A         B        C        D         E        F      G
               +---------+---------+-------+---------+---------+-------+---------
         Total |       0 |    1661 |   0.0 |       0 |     135 |   0.0 |  5237
               +---------+---------+-------+---------+---------+-------+---------
           D:1 |       0 |      62 |   0.0 |       0 |      35 |   0.0 |   766
           D:2 |       0 |      81 |   0.0 |       0 |      27 |   0.0 |  1010
           D:3 |       0 |     240 |   0.0 |       0 |      28 |   0.0 |   893
           D:4 |       0 |     653 |   0.0 |       0 |      20 |   0.0 |  1317
           D:5 |       0 |     332 |   0.0 |       0 |      14 |   0.0 |   713
           D:6 |       0 |     293 |   0.0 |       0 |      11 |   0.0 |   489
               +---------+---------+-------+---------+---------+-------+---------

Vault maps used:
D:1:      dpeg_arrival_morbid_curiosity
D:2:      serial_bayou_ford_a
D:3:      first_ration, minmay_misc_feat_enclosed, uniq_grinder
D:4:      nicolae_overflow_hidden_temple, lemuel_temple_firewalk_a, uniq_duvessa
D:5:      minivault_11
D:6:      serial_shops, shop
Temple:   grunt_wide_crystal_templ

Table legend:
 A = Turns spent in this place as a percentage of turns spent in the entire game.
 B = Non-inter-level travel turns spent in this place as a percentage of non-inter-level travel turns spent in the entire game.
 C = Inter-level travel turns spent in this place as a percentage of turns spent in this place.
 D = Turns resting spent in this place as a percentage of non-inter-level travel turns spent in this place.
 E = Turns spent auto-exploring this place as a percentage of non-inter-level travel turns spent in this place.
 F = Non-inter-level travel turns spent in this place divided by the number of levels of this place that you've seen.
                   A       B       C       D       E      F
               +-------+-------+-------+-------+-------+----------------------
         Total | 100.0 | 100.0 |   4.8 |  17.7 |  51.9 | 712.6
       Dungeon |  99.1 |  99.2 |   4.6 |  17.8 |  51.6 | 824.5
        Temple |   0.9 |   0.8 |  16.3 |   0.0 |  87.8 |  41.0
               +-------+-------+-------+-------+-------+----------------------

Table legend:
 A = Kills in this place as a percentage of kills in entire the game.
 B = Kills by you in this place as a percentage of kills by you in the entire game.
 C = Kills by friends in this place as a percentage of kills by friends in the entire game.
 D = Other kills in this place as a percentage of other kills in the entire game.
 E = Experience gained in this place as a percentage of experience gained in the entire game.
 F = Experience gained in this place divided by the number of levels of this place that you have seen.
                   A       B       C       D       E      F
               +-------+-------+-------+-------+-------+----------------------
         Total | 100.0 | 100.0 |   N/A |   N/A | 100.0 | 237.3
       Dungeon | 100.0 | 100.0 |   N/A |   N/A | 100.0 | 276.8
               +-------+-------+-------+-------+-------+----------------------
